 Dungeon Crawl Stone Soup version 0.31-a0-1096-g246cf0196b (webtiles) character file.

Game seed: 12530023355274500817

456 night the Shooter (level 6, 0/51 HPs)
             Began as a Demigod Hunter on Nov 29, 2023.
             Slain by an orc
             ... wielding a +0 hand axe
              (5 damage)
             ... on level 5 of the Dungeon.
             The game lasted 00:06:13 (3267 turns).

night the Shooter (Demigod Hunter)                  Turns: 3267, Time: 00:06:14

Health: 0/51       AC:  6    Str: 12    XL:     6   Next: 47%
Magic:  8/8        EV: 12    Int: 11    God:
Gold:   225        SH:  0    Dex: 25    Spells: 5/5 levels left

rFire   . . .        a - +0 shortbow
rCold   . . .        (shield currently unavailable)
rNeg    . . .        p - +0 ring mail
rPois   .            (no helmet)
rElec   .            (no cloak)
rCorr   .            q - +0 pair of gloves
SInv    .            (no boots)
Will    .....        (no amulet)
Stlth   ++           (no ring)
HPRegen 0.28/turn    (no ring)
MPRegen 0.11/turn

%: no passive effects
@: no status effects
A: high MP 1, forlorn, divine attributes
a: no special abilities


You were on level 5 of the Dungeon.
You visited 1 branch of the dungeon, and saw 5 of its levels.

You collected 225 gold pieces.

Inventory:

Hand Weapons
 a - a +0 shortbow (weapon)
Missiles
 g - 41 stones
 i - 10 poisoned darts
Armour
 c - a +0 leather armour
 j - a +0 scale mail
 p - a +0 ring mail (worn)
 q - a +0 pair of gloves (worn)
Jewellery
 u - a ring of resist corrosion
Scrolls
 b - a scroll of butterflies
 e - 11 scrolls of identify {unknown}
 l - a scroll of brand weapon {unknown}
 o - 2 scrolls of poison {unknown}
 s - a scroll of teleportation {unknown}
 t - a scroll of fog {unknown}
 v - a scroll of torment {unknown}
Potions
 d - 2 potions of heal wounds {unknown}
 f - a potion of mutation {unknown}
 h - a potion of resistance {unknown}
 k - a potion of enlightenment {unknown}
 m - a potion of cancellation {unknown}
 n - a potion of ambrosia {unknown}
 r - 2 potions of brilliance {unknown}


   Skills:
 + Level 3.6 Fighting
 * Level 5.8 Ranged Weapons
 - Level 0.3 Armour
 + Level 3.5 Dodging
 - Level 0.8 Stealth


You had 5 spell levels left.
You didn't know any spells.
Your spell library contained the following spells:

 Spells                   Type           Power      Damage    Failure   Level
 Foxfire                  Conj/Fire      0%         2x1d4     63%         1
 Inner Flame              Hex/Fire       0%         N/A       94%         3
 Flame Wave               Conj/Fire      0%         2d4       100%        4
 Leda's Liquefaction      Hex/Erth       0%         N/A       100%        4
 Sticky Flame             Conj/Fire      0%         2d3       100%        4
 Lee's Rapid Deconstruct  Erth           0%         3d4*      100%        5
 Bombard                  Conj/Erth      0%         9d1       100%        6
 Plasma Beam              Fire/Air       0%         2x1d10    100%        6
 Starburst                Conj/Fire      0%         6d3       100%        6


Dungeon Overview and Level Annotations

Branches:
Dungeon (5/15)
 Temple: D:4-7

Shops:
D:3 [


Innate Abilities, Weirdness & Mutations

You have an increased reservoir of magic. (+10% MP)
You shall have no god before yourself.
Your divine heritage dramatically boosts your attributes as you level up.


Message History

You shoot an arrow. The arrow hits the black bear.
The black bear is heavily wounded.
An orc wizard comes into view. It is wielding a +0 dagger.
You shoot an arrow. The arrow hits the black bear.
The black bear is heavily wounded.
You shoot an arrow. The arrow hits the black bear.
The black bear is severely wounded.
The black bear bites you. The black bear claws you.
The black bear closely misses you.
An orc priest comes into view. It is wielding a +0 falchion.
The black bear bites you but does no damage.
The black bear claws you. The black bear barely misses you.
An orc comes into view. It is wielding a +0 whip.
The orc barely misses you.
You shoot an arrow. The arrow hits the black bear!
The black bear is almost dead.
The orc priest miscasts a cantrip.
The black bear bites you! The black bear completely misses you.
The black bear closely misses you.
You shoot an arrow.
The arrow completely misses the black bear.
The black bear goes berserk!
You shoot an arrow. The arrow hits the black bear.
The black bear is almost dead.
The black bear closely misses you. The black bear claws you.
The black bear misses you.
The orc priest calls down the wrath of Beogh upon you.
Beogh smites you!
* * * LOW HITPOINT WARNING * * *
The orc closely misses you. The black bear bites you.
* * * LOW HITPOINT WARNING * * *
The black bear claws you.
* * * LOW HITPOINT WARNING * * *
The black bear claws you.
* * * LOW HITPOINT WARNING * * *
You are too injured to fight recklessly!
You shoot an arrow. The arrow hits the black bear.
You kill the black bear!
The orc hits you with a +0 hand axe.
You die...

. .. .. o. .. .# o# .###
##oo. ######†o#
####.....@###... #
##............#. ##
###................. .##
#................#.. ..#
##.....>............ ..#
#...................( ..#
#....................
..####....................
)........................


You could see an orc priest, an orc wizard and 3 orcs.

Vanquished Creatures
  2 black bears (D:5)
  A phantom (D:5)
  An iguana (D:4)
  An orc wizard (D:3)
  Robin (D:2)
  3 gnolls
  8 adders
  A shadow imp (D:5)
  A worm (D:3)
  2 dart slugs
  10 orcs
  8 ball pythons
  4 endoplasms
  2 giant cockroaches
  13 goblins
  12 hobgoblins
  7 jackals
  7 quokkas
  6 bats
  2 frilled lizards (D:1)
  6 kobolds
  5 rats
103 creatures vanquished.

Notes
Turn   | Place    | Note
-------+----------+-------------------------------------------
     0 | D:1      | night the Demigod Hunter began the quest for the Orb.
     0 | D:1      | Reached XP level 1. HP: 17/17 MP: 3/3
   142 | D:1      | Reached skill level 2 in Fighting
   147 | D:1      | Reached XP level 2. HP: 24/24 MP: 4/4
   190 | D:1      | Reached skill level 2 in Dodging
   498 | D:1      | Reached skill level 4 in Ranged Weapons
   775 | D:1      | Reached XP level 3. HP: 21/29 MP: 5/5
  1025 | D:2      | Noticed Robin
  1047 | D:2      | Killed Robin
  1102 | D:2      | Reached XP level 4. HP: 37/37 MP: 6/6
  1306 | D:3      | Found Nabo Jioth's Antique Armour Boutique.
  1891 | D:3      | Reached XP level 5. HP: 44/44 MP: 7/7
  1939 | D:3      | Reached skill level 5 in Ranged Weapons
  2942 | D:5      | Entered Level 5 of the Dungeon
  2954 | D:5      | Reached XP level 6. HP: 44/51 MP: 8/8
  3266 | D:5      | HP: 4/51 [black bear (6)]
  3267 | D:5      | Slain by an orc

Illustrated notes

Levels and vault maps discovered:
D:1:      grunt_arrival_lava_bath, layout_loops_cross, minmay_vboxes
D:2:      layout_rooms, minivault_24, uniq_robin
D:3:      layout_loops_ring, nemelex_spade_bored_becter, serial_shops,
          nicolae_shop_back_alley_shop, palyth_stone_intersect
D:4:      nicolae_cairo_tiling, layout_loops_cross
D:5:      layout_cave_pods, kennysheep_generic_room_12

Skill      XL: |  1  2  3  4  5 |
---------------+----------------+-----
Fighting       | 2 3 |  3.6
Dodging        | 2 3 |  3.5
Ranged Weapons | 4 5 |  5.8
Armour         | |  0.3
Stealth        | |  0.8

Action                     |  1- 3 |  4- 6 || total
---------------------------+-------+-------++-------
   Fire: Shortbow          |   135 |   200 ||   335
 Armour: Leather armour    |    17 |       ||    17
         Scale mail        |    48 |       ||    48
         Ring mail         |       |   102 ||   102
  Dodge: Dodged            |    43 |    93 ||   136

Table legend: (Time is in decaauts)
 A = Elapsed time spent in this place.
 B = Non-inter-level travel time spent in this place.
 C = Inter-level travel time spent in this place.
 D = Time resting spent in this place.
 E = Time spent auto-exploring this place.
 F = Levels seen in this place.
 G = Mean time per level.
                   A        B        C        D        E       F      G
               +--------+--------+--------+--------+--------+-----+--------+
         Total |   3372 |   3281 |     91 |    330 |   2285 |   5 |  674.4 |
       Dungeon |   3372 |   3281 |     91 |    330 |   2285 |   5 |  674.4 |
               +--------+--------+--------+--------+--------+-----+--------+

Top non-repeatable levels by time:
     D:3: 841 daAuts
     D:1: 786 daAuts
     D:2: 746 daAuts
     D:4: 659 daAuts
     D:5: 339 daAuts
